 Dungeon Crawl Stone Soup version 0.27.0-1-g7a089689b8 (webtiles) character file.

Game seed: 5124992041931896922

571 avis the Insei (level 6, 0/51 HPs)
             Began as a Demigod Transmuter on Aug 2, 2021.
             Slain by a hound (2 damage)
             ... on level 5 of the Dungeon.
             The game lasted 00:24:59 (4994 turns).

avis the Insei (Demigod Transmuter)                 Turns: 4994, Time: 00:25:00

Health: 0/51       AC: -6    Str: 15    XL:     6   Next: 86%
Magic:  11/13      EV: 12    Int: 15    God:
Gold:   213        SH:  0    Dex: 18    Spells: 7/11 levels left

rFire    . . .     SeeInvis +     - Unarmed
rCold    + . .     Faith    .   (no shield)
rNeg     + . .     Spirit   .   c - +2 robe {rC+}
rPois    .         Reflect  .   (helmet currently unavailable)
rElec    .         Harm     .   q - +0 cloak
rCorr    .         Rampage  .   e - +0 pair of gloves
Will     .....                  (boots currently unavailable)
Stlth    ++........             d - amulet of the acrobat
HPRegen  0.17/turn              h - ring of positive energy
MPRegen  0.13/turn              l - ring of see invisible

@: appendages, corroded
A: horns 2, talons 2, high mp 1, forlorn
a: End Transformation


You were on level 5 of the Dungeon.
You had temporarily grown beastly horns and talons.
You visited 1 branch of the dungeon, and saw 5 of its levels.

You collected 213 gold pieces.

Inventory:

Hand Weapons
 A - a +0 mace of protection
Missiles
 b - 79 stones
 i - 42 sling bullets
 j - 4 boomerangs
 k - 32 poisoned darts
Armour
 c - a +2 robe of cold resistance (worn)
 e - a +0 pair of gloves (worn)
 q - a +0 cloak (worn)
 y - a +2 ring mail of positive energy
Magical Staves
 f - a staff of death
Jewellery
 d - an amulet of the acrobat (around neck)
 h - a ring of positive energy (left hand)
 l - a ring of see invisible (right hand)
Wands
 x - a wand of digging (5)
Scrolls
 a - 2 scrolls of teleportation
 p - a scroll of vulnerability {unknown}
 r - a scroll of brand weapon {unknown}
 t - a scroll of holy word {unknown}
 u - a scroll of silence {unknown}
 v - a scroll of enchant weapon {unknown}
 B - a scroll of identify {unknown}
Potions
 g - 3 potions of attraction {unknown}
 m - a potion of heal wounds {unknown}
 n - 3 potions of curing {unknown}
 o - a potion of degeneration {unknown}
 s - a potion of berserk rage {unknown}
 w - a potion of invisibility {unknown}
 z - 2 potions of flight {unknown}


   Skills:
 - Level 3.0 Fighting
 - Level 2.0 Dodging
 * Level 5.2 Unarmed Combat
 - Level 3.0 Spellcasting
 - Level 3.0 Transmutations
 - Level 2.0 Poison Magic


You had 7 spell levels left.
You knew the following spells:

 Your Spells              Type           Power      Damage    Failure   Level
a - Beastly Appendage     Tmut           22%        N/A       6%          1
p - Spider Form           Tmut/Pois      4%         N/A       22%         3

Your spell library contained the following spells:

 Spells                   Type           Power      Damage    Failure   Level
 Wereblood                Tmut           11%        N/A       9%          2
 Apportation              Tloc           4%         N/A       21%         1
 Summon Small Mammal      Summ           8%         N/A       21%         1
 Call Canine Familiar     Summ           2%         N/A       52%         3
 Gell's Gravitas          Tloc           1%         N/A       52%         3
 Lesser Beckoning         Tloc           1%         N/A       52%         3
 Summon Guardian Golem    Hex/Summ       2%         N/A       52%         3
 Teleport Other           Tloc           2%         N/A       52%         3
 Ice Form                 Ice/Tmut       6%         N/A       71%         4
 Summon Lightning Spire   Summ/Air       2%         N/A       89%         4
 Alistair's Intoxication  Tmut/Pois      6%         N/A       89%         5
 Summon Mana Viper        Hex/Summ       2%         N/A       99%         5
 Invisibility             Hex            1%         N/A       100%        6


Dungeon Overview and Level Annotations

Branches:
Dungeon (5/15)
 Temple: D:4-7

Annotations:
D:1 Can't reach some places.
D:3 1 runed translucent door, 1 exclusion, Crazy Yiuf


Innate Abilities, Weirdness & Mutations

You have temporarily grown beastly horns and talons.
Your attributes grow dramatically as you level up.
You have an increased reservoir of magic. (+10% MP)
You shall have no god before yourself.


Message History

Your transformation is almost over.
You now have 213 gold pieces (gained 16).
You open the door.
There is an open door here.
Your transformation has ended.
Your +0 cloak unmelds from your body.
Your +0 pair of gloves unmelds from your body.
Your +2 robe of cold resistance unmelds from your body.
You feel resistant to cold.
Found a glowing puce potion.
A centaur comes into view.
A hound comes into view.
There is an open door here.
The hound barks!
The hound barely misses you.
You hit the hound.
The hound is lightly wounded.
The hound bites you.
* * * LOW HITPOINT WARNING * * *
Casting: Spider Form (dangerous; 22% risk of failure)
Confirm with . or Enter, or press ? or * to list all spells.
You grow a pair of large bovine horns.
Your feet morph into talons.
The hound bites you.
* * * LOW HITPOINT WARNING * * *
The hound closely misses you.
You miss the hound. Your kick misses the hound.
You headbutt the hound, but do no damage.
The hound is lightly wounded.
The hound barely misses you.
Okay, then.
You hit the hound but do no damage.
The hound is lightly wounded.
The hound bites you.
* * * LOW HITPOINT WARNING * * *
The hound barely misses you.
You hit the hound but do no damage.
You headbutt the hound, but do no damage.
The hound is lightly wounded.
The hound bites you.
You die...

#.......#.#
#.......#.##########
#..................#
#.........########.#
#.........#........##
#.........#.##..#....
#.........#.#.......#
#.........#.#..##...#
#..h@.....#.#..#....#
#...####'#..#....#....#
#### #.#..####.#.#...
#######.#.......#.##.#
#.......#...........<.
......#######.....#..####
.!... #............ ....
############# ...


You could see a hound.

Vanquished Creatures
  A sky beast (D:5)
  A black bear (D:3)
  A scorpion (D:4)
  A centaur zombie (D:4)
  A bullfrog skeleton (D:5)
  2 jellies
  A hound (D:5)
  Ijyb (D:4)
  A hound skeleton (D:4)
  6 adders
  A white imp (D:4)
  2 worms
  2 dart slugs
  5 orcs
  An endoplasm (D:3)
  A giant cockroach (D:3)
  6 goblins
  5 hobgoblins
  9 jackals (D:1)
  4 kobolds
  3 quokkas
  8 ball pythons
  4 bats
  3 frilled lizards
  2 rats
72 creatures vanquished.

Notes
Turn   | Place    | Note
-------+----------+-------------------------------------------
     0 | D:1      | avis the Demigod Transmuter began the quest for the Orb.
     0 | D:1      | Reached XP level 1. HP: 15/15 MP: 5/5
   105 | D:1      | Reached skill level 3 in Unarmed Combat
   105 | D:1      | Reached skill level 1 in Fighting
   422 | D:1      | Reached XP level 2. HP: 23/23 MP: 5/7
  1281 | D:1      | Reached XP level 3. HP: 15/29 MP: 8/8
  1477 | D:1      | Learned a level 3 spell: Spider Form
  1576 | D:2      | Reached skill level 1 in Poison Magic
  2594 | D:3      | Reached XP level 4. HP: 8/36 MP: 6/9
  2935 | D:3      | Got the Papyrus of Summoning
  3658 | D:3      | Found a runed translucent door.
  3659 | D:3      | Noticed Crazy Yiuf
  3976 | D:4      | Noticed a black bear
  3992 | D:3      | Killed a black bear
  3993 | D:3      | Reached skill level 4 in Unarmed Combat
  3993 | D:3      | Reached XP level 5. HP: 36/44 MP: 7/10
  4411 | D:4      | Noticed Ijyb
  4435 | D:4      | Killed Ijyb
  4579 | D:4      | Reached XP level 6. HP: 38/51 MP: 7/11
  4800 | D:5      | Entered Level 5 of the Dungeon
  4810 | D:5      | Reached skill level 5 in Unarmed Combat
  4991 | D:5      | HP: 2/51 [hound (6)]
  4994 | D:5      | Slain by a hound

Illustrated notes

Levels and vault maps discovered:
D:1:      dpeg_arrival_erosion, layout_loops_ring, serial_rivers,
          chequers_serial_rivers_large_a, chequers_serial_rivers_marsh,
          chequers_serial_rivers_small_b, chequers_serial_rivers_micro_b,
          chequers_serial_rivers_micro_d, chequers_serial_rivers_micro_e,
          shapermc_ecumenical_altar_starsandcircs
D:2:      layout_loops_cross
D:3:      layout_basic, mainiacjoe_overflow_surrounded_room,
          uniq_crazy_yiuf_cottage
D:4:      layout_rooms, nicolae_wu_jian_wuxing_cycle, zin_academy,
          lemuel_flame_loot_1, uniq_ijyb
D:5:      layout_basic, kennysheep_mini, enter_ossuary_4

Skill      XL: |  1  2  3  4  5  6 |
---------------+-------------------+-----
Unarmed Combat | 3 4 5 |  5.2
Fighting       | 1 2 3 |  3.0
Dodging        | 2 |  2.0
Transmutations | 2 3 |  3.0
Spellcasting   | 2 3 |  3.0
Poison Magic   | 2 |  2.0

Action                   |  1- 3 |  4- 6 || total
-------------------------+-------+-------++-------
Melee: Unarmed           |   102 |   115 ||   217
       Kick              |    18 |    14 ||    32
       Headbutt          |    10 |     5 ||    15
       Punch             |       |     1 ||     1
 Cast: Beastly Appendage |    26 |    16 ||    42
       Spider Form       |     4 |    13 ||    17
  Use: Scroll            |       |     1 ||     1
 Stab: Sleeping          |     2 |       ||     2
Armor: Robe              |    23 |     9 ||    32
       Skin              |     2 |     6 ||     8
Dodge: Dodged            |    70 |    88 ||   158
